[Event "fics rated crazyhouse match"]
[Site "fics, Oklahoma City, OK USA"]
[Date "2000.02.13"]
[White "XXNoWay"]
[WhiteElo "2307"]
[Black "Thufir"]
[BlackElo "2363"]
[TimeControl "60+0"]
[Result "0-1"]

1. e4 e6 2. Nf3 Nf6 3. Nc3 d5 4. e5 Ne4 5. Bd3 Nxf2 6. Kxf2 
P@e4 7. Rf1 exf3 8. Qxf3 N@d4 9. Qf4 Nbc6 10. Kg1 Qd7 11. N@g5 Bc5 
12. P@e3 Nf5 13. Bxf5 exf5 14. e6 fxe6 15. N@f7 B@d6 16. Nxh8 Bxf4 17. Rxf4 
P@f7 18. Nhxf7 Bd6 19. R@g8+ Ke7 20. P@e5 Bxe5 21. Nxe5 Q@e1+ 22. B@f1 Nxe5 
23. B@f8+ Kd8 24. Bc5+ N@e8 25. Nxd5 Qxd5 26. P@e7+ Kd7 27. Rd4 P@f2# 
{XXNoWay resigns} 0-1

[Event "fics rated crazyhouse match"]
[Site "fics, Oklahoma City, OK USA"]
[Date "2000.02.13"]
[White "Thufir"]
[WhiteElo "2370"]
[Black "XXNoWay"]
[BlackElo "2300"]
[TimeControl "60+0"]
[Result "1-0"]

1. e4 e5 2. Nc3 d6 3. Bc4 Be7 4. Nf3 Bg4 5. O-O Nf6 6. Be2 
Nc6 7. d3 O-O 8. Nd5 Bxf3 9. Bxf3 Nxd5 10. exd5 Nd4 11. B@e4 f5 
12. N@e6 Nxe6 13. Bxf5 Rxf5 14. dxe6 N@d4 15. Bg4 Rf6 16. P@f7+ Kh8 17. N@h5 
Rg6 18. Nxg7 Rxg7 19. Bh6 Bf6 20. Bxg7+ Bxg7 21. c3 B@c2 22. R@g8+ Qxg8 
23. fxg8=Q+ Rxg8 24. P@f7 Rf8 25. Qxc2 B@g6 26. cxd4 N@f6 27. B@h3 P@h5 28. Bf5 
Bxf5 29. Bxf5 R@g5 30. B@h3 N@f3+ 31. Kh1 Rxf5 32. Bxf5 B@g6 33. Bxg6 hxg6 
34. dxe5 Ng8 35. d4 
{XXNoWay forfeits on time} 1-0

[Event "fics rated crazyhouse match"]
[Site "fics, Oklahoma City, OK USA"]
[Date "2000.02.13"]
[White "XXNoWay"]
[WhiteElo "2294"]
[Black "Thufir"]
[BlackElo "2376"]
[TimeControl "60+0"]
[Result "0-1"]

1. e4 e6 2. Nc3 d6 3. Nf3 Be7 4. Be2 Nf6 5. O-O Nc6 6. d4 
e5 7. d5 Nb8 8. Bg5 O-O 9. Nh4 c6 10. Bxf6 Bxf6 11. Nf5 Bxf5 
12. exf5 B@d4 13. B@e4 Bxc3 14. bxc3 N@g5 15. B2f3 Nxe4 16. Bxe4 cxd5 17. Bxd5 
P@c6 18. Be4 N@g5 19. B@d3 d5 20. Bf3 e4 21. N@h5 exf3 22. Nxf6+ Qxf6 
23. N@g4 Qd6 24. B@e5 Qxe5 25. Nxe5 fxg2 26. P@g3 gxf1=Q+ 27. Bxf1 P@f6 28. P@h6 
fxe5 29. Bg2 B@f6 30. hxg7 Bxg7 31. P@h4 P@h3 32. hxg5 hxg2 33. f6 N@h3+ 
34. Kxg2 B@e4+ 35. Kxh3 B@g2+ 36. Kg4 B@f3+ 37. Kh4 R@h5# 
{XXNoWay checkmated} 0-1

[Event "fics rated crazyhouse match"]
[Site "fics, Oklahoma City, OK USA"]
[Date "2000.02.13"]
[White "Thufir"]
[WhiteElo "2382"]
[Black "XXNoWay"]
[BlackElo "2288"]
[TimeControl "60+0"]
[Result "0-1"]

1. e4 e5 2. Nf3 d6 3. Bc4 Nc6 4. h3 Be7 5. Nc3 Nf6 6. d3 
O-O 7. O-O Be6 8. Nd5 Nd4 9. Nxe7+ Qxe7 10. Nxd4 exd4 11. N@f5 Bxf5 
12. exf5 N@h4 13. B@g5 Nxg2 14. Kxg2 N@e5 15. Bxf6 Qxf6 16. B@g4 N@h4+ 17. Kg1 
B@f3 18. N@h5 Qe7 19. Bxf3 Nexf3+ 20. Qxf3 Nxf3+ 21. Kg2 Nh4+ 22. Kg3 Q@g2+ 
23. Kf4 Qeg5# 
{Thufir checkmated} 0-1

[Event "fics rated crazyhouse match"]
[Site "fics, Oklahoma City, OK USA"]
[Date "2000.02.13"]
[White "XXNoWay"]
[WhiteElo "2298"]
[Black "Thufir"]
[BlackElo "2372"]
[TimeControl "60+0"]
[Result "1-0"]

1. e4 e6 2. Nc3 Nc6 3. Nf3 Bb4 4. Bb5 a6 5. Bxc6 bxc6 6. d4 
Nf6 7. Bg5 B@e7 8. O-O Bxc3 9. bxc3 Nxe4 10. Bxe7 Qxe7 11. B@h4 f6 
12. Qd3 B@g6 13. N@f4 P@d5 14. Qe3 N@c4 15. Qe1 O-O 16. B@d3 Ncd6 17. Nxg6 
hxg6 18. B@c5 N@f5 19. Bxd6 cxd6 20. Bxe4 dxe4 21. Qxe4 B@d5 22. Qg4 B@h5 
23. Qxh5 gxh5 24. P@e2 Bxf3 25. exf3 Nxh4 26. B@g3 N@h3+ 27. Kh1 B@g5 28. Bxh4 
Bxh4 29. gxh3 B@f5 30. B@g2 e5 31. N@e3 Bh7 32. N@f5 Qf7 33. Nxh4 exd4 
34. B@f5 P@g6 35. Bxg6 Bxg6 36. Nxg6 Qxg6 37. N@e7+ Kh7 38. Nxg6 Q@g8 39. Nxf8+ 
Qxf8 40. P@g6+ Kxg6 41. N@f4+ Kf7 42. B@g6+ Ke7 43. R@f7+ Qxf7 44. Bxf7 N@e6 
45. Q@e8# 
{Thufir checkmated} 1-0

[Event "fics rated crazyhouse match"]
[Site "fics, Oklahoma City, OK USA"]
[Date "2000.02.13"]
[White "Thufir"]
[WhiteElo "2362"]
[Black "XXNoWay"]
[BlackElo "2308"]
[TimeControl "60+0"]
[Result "1-0"]

1. e4 e6 2. d4 Nf6 3. Nc3 d5 4. exd5 exd5 5. Bb5+ P@c6 6. Qe2+ 
Be7 7. Bd3 Be6 8. P@e5 Ng4 9. h3 Nxf2 10. Qxf2 P@g3 11. Qe2 Bg5 
12. Bxg5 Qxg5 13. Nf3 B@f2+ 14. Kd1 Qe3 15. Qxe3 Bxe3 16. N@h5 Rg8 17. Bxh7 
Na6 18. Bxg8 O-O-O 19. R@a8+ Nb8 20. Nxg7 Rxg8 21. Nxe6 B@h5 22. P@d7+ Kxd7 
23. Nc5+ Ke7 24. B@f6# 
{XXNoWay resigns} 1-0

[Event "fics rated crazyhouse match"]
[Site "fics, Oklahoma City, OK USA"]
[Date "2000.02.13"]
[White "XXNoWay"]
[WhiteElo "2301"]
[Black "Thufir"]
[BlackElo "2369"]
[TimeControl "60+0"]
[Result "0-1"]

1. e4 e6 2. Nc3 d6 3. Nf3 Nf6 4. Be2 Be7 5. O-O Nc6 6. d3 
e5 7. Bg5 O-O 8. h3 Nd7 9. Bxe7 Qxe7 10. Nd5 Qd8 11. B@h4 f6 
12. b4 B@f7 13. b5 Bxd5 14. exd5 Ne7 15. B@e6+ Kh8 16. c4 N@c5 17. Nd2 
Nxe6 18. dxe6 Nc5 19. N@f7+ Kg8 20. Bg4 Rxf7 21. exf7+ Kxf7 22. Bxc8 Rxc8 
23. B@d5+ Nxd5 24. cxd5 B@g6 25. Qg4 B@f5 26. Qe2 Bxd3 27. Qxd3 Bxd3 28. B@e6+ 
Nxe6 29. dxe6+ Kg8 30. N@f7 P@h2+ 31. Kh1 Kf8 32. N@h6 gxh6 33. Nxh6 Q@g7 
34. R@f7+ Qxf7 35. exf7 R@g1+ 36. Rxg1 hxg1=Q+ 37. Rxg1 R@g7 38. R@g8+ Ke7 39. f8=Q+ 
Qxf8 40. Q@e6+ Kxe6 41. Rxf8 Kd5 
{XXNoWay forfeits on time} 0-1

[Event "fics rated crazyhouse match"]
[Site "fics, Oklahoma City, OK USA"]
[Date "2000.02.13"]
[White "Thufir"]
[WhiteElo "2375"]
[Black "XXNoWay"]
[BlackElo "2295"]
[TimeControl "60+0"]
[Result "0-1"]

1. e4 Nf6 2. Nc3 e5 3. Bc4 Bc5 4. Nf3 d6 5. d3 h6 6. h3 
O-O 7. O-O Nc6 8. Be3 Nd4 9. Bxd4 Bxd4 10. Nxd4 exd4 11. Ne2 B@e5 
12. B@g3 Bxg3 13. Nxg3 B@e5 14. N@f5 Bxf5 15. exf5 Bxg3 16. fxg3 N@e3 17. B@g6 
Nxd1 18. Bgxf7+ Kh8 19. Raxd1 N@e2+ 20. Kf2 Q@e3+ 21. Ke1 Nxg3+ 22. P@e2 Qxe2# 
{Thufir checkmated} 0-1

[Event "fics rated crazyhouse match"]
[Site "fics, Oklahoma City, OK USA"]
[Date "2000.02.13"]
[White "XXNoWay"]
[WhiteElo "2305"]
[Black "Thufir"]
[BlackElo "2365"]
[TimeControl "60+0"]
[Result "0-1"]

1. e4 e6 2. Nc3 d6 3. Nf3 Nf6 4. d3 Be7 5. Be2 Nc6 6. O-O 
e5 7. h3 O-O 8. Nd5 Nxd5 9. exd5 Nb4 10. c4 c6 11. Bd2 N@c2 
12. Bxb4 Nxb4 13. Qd2 B@a5 14. N@b3 cxd5 15. Nxa5 Qxa5 16. B@c3 P@c5 17. a3 
N@b3 18. axb4 Nxd2 19. bxa5 Nxf3+ 20. Bxf3 N@h4 21. Be2 d4 22. N@d5 Bg5 
23. N@e7+ Kh8 24. Nxc8 Raxc8 25. Q@h5 Q@g6 26. Qxg6 Nxg6 27. N@e4 N@f4 28. Nxg5 
Nxe2+ 29. Kh1 B@h6 30. Q@h5 Bxg5 31. Qxg5 N@e6 32. Qd2 Nxc3 33. bxc3 dxc3 
34. B@f6 gxf6 35. Qh6 P@g7 36. Qxh7+ Kxh7 37. B@h5 B@f5 38. Bxg6+ fxg6 39. B@g4 
Bxg4 40. hxg4 B@f4 41. P@h2 Bxh2 42. N@g5+ fxg5 43. B@g8+ Rxg8 44. N@f6+ gxf6 
45. Nxf6+ Kg7 46. Nxg8 Kxg8 47. R@h7 Kf8 48. P@f7 Ke7 
{XXNoWay forfeits on time} 0-1

[Event "fics rated crazyhouse match"]
[Site "fics, Oklahoma City, OK USA"]
[Date "2000.02.13"]
[White "Thufir"]
[WhiteElo "2372"]
[Black "XXNoWay"]
[BlackElo "2298"]
[TimeControl "60+0"]
[Result "1-0"]

1. e4 e5 2. Nf3 Nc6 3. Bc4 Be7 4. O-O Nf6 5. d3 O-O 6. h3 
d6 7. Nc3 Be6 8. Nd5 Bxd5 9. Bxd5 Nxd5 10. exd5 Nd4 11. Nxd4 exd4 
12. N@f5 B@g6 13. Nxe7+ Qxe7 14. Re1 N@e5 15. B@f4 N@f3+ 16. gxf3 Nxf3+ 17. Qxf3 
Qxe1+ 18. B@f1 P@g2 19. Qxg2 N@h4 20. N@f3 Nxf3+ 21. Qxf3 N@h4 22. Qg3 R@g2+ 
23. Qxg2 Nxg2 24. Bce3 dxe3 25. Rxe1 exf2+ 26. Kxf2 B@d4+ 27. P@e3 Nxf4 28. exd4 
P@g3+ 29. Kxg3 Nh5+ 30. Kf2 B@g3+ 31. Ke2 Nf4+ 32. Kf3 Q@h5+ 33. P@g4 Bxe1 
34. N@e7+ Kh8 35. gxh5 R@f2+ 36. Ke3 Nxd5+ 37. Nxd5 Rae8+ 38. B@e4 Bxe4 39. dxe4 
B@d2+ 40. Kd3 P@c4+ 41. Kxc4 c6 42. Kb3 cxd5 43. N@g6+ hxg6 44. R@h7+ Kxh7 
45. hxg6+ fxg6 46. Q@h5+ R@h6 47. B@g5 Rxh5 48. a3 Q@b4+ 49. Ka2 
{XXNoWay forfeits on time} 1-0

[Event "fics rated crazyhouse match"]
[Site "fics, Oklahoma City, OK USA"]
[Date "2000.02.13"]
[White "XXNoWay"]
[WhiteElo "2292"]
[Black "Thufir"]
[BlackElo "2378"]
[TimeControl "60+0"]
[Result "0-1"]

1. e4 e6 2. Nc3 d6 3. Nf3 Nc6 4. d4 Nf6 5. Bd3 Be7 6. O-O 
e5 7. dxe5 Nxe5 8. h3 Nxf3+ 9. Qxf3 N@e5 10. Qe2 P@g4 11. N@h5 Nxh5 
12. hxg4 Bxg4 13. f3 N@g3 14. Qf2 P@h2+ 15. Kxh2 Nxd3 16. cxd3 Nxf1+ 17. Qxf1 
B@g3+ 18. Kg1 Bxf3 19. Qxf3 P@f2+ 20. Qxf2 Bxf2+ 21. Kxf2 Bh4+ 22. Ke2 R@f2+ 
23. Ke1 Rxg2+ 24. Kf1 Q@f2# 
{XXNoWay checkmated} 0-1

[Event "fics rated crazyhouse match"]
[Site "fics, Oklahoma City, OK USA"]
[Date "2000.02.13"]
[White "Thufir"]
[WhiteElo "2384"]
[Black "XXNoWay"]
[BlackElo "2286"]
[TimeControl "60+0"]
[Result "0-1"]

1. e4 e5 2. Bc4 d6 3. Nc3 Be7 4. Nf3 Nf6 5. d3 Bg4 6. h3 
Bh5 7. g4 Nxg4 8. hxg4 Bxg4 9. N@h2 Bh5 10. Rg1 P@g6 11. Bd2 P@g4 
12. Nd5 gxf3 13. Nxe7 Qxe7 14. B@h3 N@g2+ 15. Bxg2 fxg2 16. N@g3 Bxd1 17. Kxd1 
B@f4 18. Bxf4 exf4 19. Ne2 Q@h4 20. Nf3 Qxf2 21. B@d5 N@e3+ 22. Kd2 B@a5+ 
23. c3 Nxc4+ 24. Bxc4 Qe3+ 25. Kd1 P@c2+ 26. Kxc2 Qxe2+ 27. N@d2 N@e3+ 28. Kc1 
Nxc4 29. dxc4 B@e3 30. B@e1 Bxg1 31. Kc2 B@d3+ 32. Kb3 Nc6 33. N@d5 Qxe1 
34. Rxe1 B@c2+ 35. Ka3 R@a4# 
{Thufir checkmated} 0-1

[Event "fics rated crazyhouse match"]
[Site "fics, Oklahoma City, OK USA"]
[Date "2000.02.13"]
[White "XXNoWay"]
[WhiteElo "2296"]
[Black "Thufir"]
[BlackElo "2374"]
[TimeControl "60+0"]
[Result "1-0"]

1. b3 e6 2. Bb2 d6 3. e3 Nf6 4. Be2 Be7 5. Nc3 Nc6 6. f4 
O-O 7. Nf3 e5 8. fxe5 Nxe5 9. O-O Nxf3+ 10. Bxf3 P@g4 11. Be2 Be6 
12. P@g5 Nd7 13. Bxg4 Bxg5 14. P@f5 Bd5 15. Nxd5 N@e5 16. B@f4 Bxf4 17. exf4 
Nxg4 18. Qxg4 B@f6 19. Bxf6 Nxf6 20. Nxf6+ Qxf6 21. N@h5 Qd4+ 22. B@e3 N@e2+ 
23. Qxe2 Qd5 24. N@h6+ Kh8 25. B@f6 gxf6 26. Nxf6 B@g7 27. Nxd5 Bxh6 28. P@g5 
P@g7 29. gxh6 B@b2 30. hxg7+ Bxg7 31. f6 Bxf6 32. Nxf6 P@g7 33. N@g5 B@g6 
34. f5 gxf6 35. fxg6 P@g7 36. gxh7 N@e5 37. Q@g8+ Rxg8 38. hxg8=Q+ Rxg8 39. R@h7# 
{Thufir checkmated} 1-0

[Event "fics rated crazyhouse match"]
[Site "fics, Oklahoma City, OK USA"]
[Date "2000.02.13"]
[White "Thufir"]
[WhiteElo "2346"]
[Black "XXNoWay"]
[BlackElo "2324"]
[TimeControl "60+0"]
[Result "1-0"]

1. e4 e5 2. Nc3 d6 3. Bc4 Nf6 4. d3 Be7 5. h3 O-O 6. Nf3 
Nc6 7. O-O Bd7 8. Bg5 Nd4 9. Nxd4 exd4 10. Ne2 c5 11. Bxf6 Bxf6 
12. N@d5 N@g5 13. Nxf6+ Qxf6 14. N@d5 Qe5 15. B@f4 Qxd5 16. Bxd5 N@f3+ 17. Kh1 
Bxh3 18. Rg1 N@g4 19. Bg3 P@h4 20. gxf3 hxg3 21. Rxg3 B@g2+ 22. Rxg2 Bxg2+ 
23. Kxg2 R@h2+ 24. Kg1 Nxf2 25. N@e7+ Kh8 26. Kxh2 Nxd1 27. B@f5 
{XXNoWay forfeits on time} 1-0

[Event "fics rated crazyhouse match"]
[Site "fics, Oklahoma City, OK USA"]
[Date "2000.02.13"]
[White "XXNoWay"]
[WhiteElo "2317"]
[Black "Ebenfelt"]
[BlackElo "2242"]
[TimeControl "60+0"]
[Result "1-0"]

1. e4 e5 2. Nc3 Bc5 3. Nf3 Nc6 4. Bc4 d6 5. d3 Nf6 6. Bg5 
O-O 7. Bxf6 Qxf6 8. Nd5 Qd8 9. Bb5 Be6 10. Bxc6 bxc6 11. N@e7+ Kh8 
12. Nxc6 Bxf2+ 13. Kxf2 Bxd5 14. exd5 N@g4+ 15. Ke2 Qf6 16. N@e4 Qf4 17. B@g5 
Qxe4+ 18. dxe4 P@d3+ 19. cxd3 B@f4 20. Bxf4 exf4 21. B@f5 B@e3 22. Bxg4 N@d4+ 
23. Nfxd4 Bxd4 24. Ne7 f3+ 25. Bxf3 N@f4+ 26. Kf1 Rae8 27. Nf5 B@c5 28. P@h6 
Re5 29. hxg7+ Kg8 30. N@h6# 
{Ebenfelt checkmated} 1-0

[Event "fics rated crazyhouse match"]
[Site "fics, Oklahoma City, OK USA"]
[Date "2000.02.13"]
[White "Ebenfelt"]
[WhiteElo "2236"]
[Black "XXNoWay"]
[BlackElo "2323"]
[TimeControl "60+0"]
[Result "1-0"]

1. e4 e5 2. Nc3 d6 3. Bc4 Nf6 4. Nf3 Be7 5. Ng5 O-O 6. d3 
Nc6 7. h3 Nd4 8. O-O Be6 9. Nxe6 fxe6 10. Bxe6+ Nxe6 11. B@f5 Nd4 
12. P@g6 Nxf5 13. exf5 h6 14. N@e6 Qd7 15. Nxf8 Rxf8 16. Qf3 N@d4 17. Qe4 
Nxe4 18. dxe4 N@e2+ 19. Kh1 Nxc3 20. N@f7 Rxf7 21. gxf7+ Kxf7 22. bxc3 Ne2 
23. N@h8+ Kg8 24. Ng6 N@g3+ 25. fxg3 Nxg3+ 26. Kg1 Q@h1+ 27. Kf2 Qxf1+ 28. Kxg3 
P@h4+ 29. Kg4 N@h2+ 30. Kh5 Qdxf5+ 31. exf5 Qxf5+ 32. R@g5 Qxg6+ 33. Rxg6 N@g3+ 
34. Rxg3 B@f7+ 35. N@g6 B@e2+ 36. N@f3 R@f5+ 37. N@g5 Bxg6+ 38. Kxg6 P@f7+ 39. Kh5 
P@e6 40. Q@h8+ Kxh8 41. Q@h7# 
{XXNoWay checkmated} 1-0

[Event "fics rated crazyhouse match"]
[Site "fics, Oklahoma City, OK USA"]
[Date "2000.02.13"]
[White "XXNoWay"]
[WhiteElo "2313"]
[Black "Ebenfelt"]
[BlackElo "2246"]
[TimeControl "60+0"]
[Result "1-0"]

1. e4 e5 2. Nc3 Nf6 3. Nf3 Bc5 4. Bc4 Bxf2+ 5. Kxf2 d6 6. Rf1 
P@d4 7. Nd5 Nxd5 8. Bxd5 N@f4 9. d3 O-O 10. Bxf4 exf4 11. Kg1 B@e3+ 
12. Kh1 c6 13. B@h4 Qd7 14. N@h5 Qg4 15. N@f6+ gxf6 16. Nxf6+ Kh8 17. Nxg4 
Bxg4 18. Bf6+ N@g7 19. P@h6 Rg8 20. Q@g5 N@e8 21. hxg7+ Rxg7 22. Bxg7+ Nxg7 
23. R@f8+ B@g8 24. N@h6 Be6 25. Rxg8# 
{Ebenfelt checkmated} 1-0

[Event "fics rated crazyhouse match"]
[Site "fics, Oklahoma City, OK USA"]
[Date "2000.02.13"]
[White "Blackcomb"]
[WhiteElo "2047"]
[Black "LSS"]
[BlackElo "2565"]
[TimeControl "180+0"]
[Result "0-1"]

1. e4 e6 2. Nc3 d5 3. exd5 exd5 4. d4 Bb4 5. Nf3 Nc6 6. a3 
Bxc3+ 7. bxc3 Qe7+ 8. P@e5 N@e4 9. B@h4 f6 10. Bb5 Nxc3 11. Bxc6+ bxc6 
12. Qd3 Ne4 13. O-O B@c4 14. exf6 Ngxf6 15. Bxf6 gxf6 16. P@e5 Bxd3 17. exf6 
Bxf1 18. fxe7 R@h1+ 19. Kxh1 Bxg2+ 20. Kxg2 B@h3# 
{Blackcomb resigns} 0-1

[Event "fics rated crazyhouse match"]
[Site "fics, Oklahoma City, OK USA"]
[Date "2000.02.13"]
[White "Ebenfelt"]
[WhiteElo "2240"]
[Black "XXNoWay"]
[BlackElo "2319"]
[TimeControl "60+0"]
[Result "1-0"]

1. e4 e5 2. Nc3 Nf6 3. Bc4 Be7 4. Nf3 d6 5. Bxf7+ Kxf7 6. Ng5+ 
Kf8 7. P@e6 B@f4 8. Nf7 Bxe6 9. Nxd8 Bxd8 10. d3 Bxc1 11. Rxc1 B@h6 
12. B@d5 P@d2+ 13. Qxd2 Bxd2+ 14. Kxd2 Bxd5 15. Nxd5 Q@a5+ 16. B@c3 B@h6+ 17. P@e3 
N@c4+ 18. dxc4 Nxe4+ 19. Ke2 Nxc3+ 20. bxc3 B@e6 21. Q@h5 P@g6 22. Qf3+ Ke8 
23. B@b4 Bxd5 24. cxd5 Qa6+ 25. B@d3 Qxa2 26. N@e6 Be7 27. Nxc7+ Kd7 28. Nxa8 
P@a6 29. P@e6+ Kd8 30. R@d7+ Kc8 31. N@b6+ axb6 32. Nxb6# 
{XXNoWay checkmated} 1-0

[Event "fics rated crazyhouse match"]
[Site "fics, Oklahoma City, OK USA"]
[Date "2000.02.13"]
[White "XXNoWay"]
[WhiteElo "2309"]
[Black "Ebenfelt"]
[BlackElo "2250"]
[TimeControl "60+0"]
[Result "1-0"]

1. e4 e5 2. Nc3 Nc6 3. Bc4 Nf6 4. Nf3 Bc5 5. O-O O-O 6. d3 
h6 7. h3 d6 8. Nd5 Nd4 9. Nxd4 Bxd4 10. Nxf6+ Qxf6 11. N@d5 Qh4 
12. Qf3 N@g3 13. Ne7+ Kh8 14. N@g6+ fxg6 15. Qxf8+ Kh7 16. Qg8# 
{Ebenfelt checkmated} 1-0

[Event "fics rated crazyhouse match"]
[Site "fics, Oklahoma City, OK USA"]
[Date "2000.02.13"]
[White "LSS"]
[WhiteElo "2566"]
[Black "Blackcomb"]
[BlackElo "2046"]
[TimeControl "180+0"]
[Result "1-0"]

1. e4 e6 2. Nc3 Nc6 3. Nf3 Nf6 4. d4 Bb4 5. Bd3 d5 6. e5 
Ne4 7. Bd2 Nxd2 8. Qxd2 Bxc3 9. bxc3 N@e4 10. Bxe4 dxe4 11. Ng5 B@h6 
12. B@e3 Bxg5 13. Bxg5 B@e7 14. Bxe7 Qxe7 15. B@b5 B@h6 16. B@e3 Bxe3 17. fxe3 
B@h4+ 18. B@g3 Bxg3+ 19. hxg3 Bd7 20. Bxc6 Bxc6 21. B@h4 N@c4 22. Bxe7 Nxd2 
23. Kxd2 B@b2 24. Bb4 O-O-O 25. N@e7+ Kb8 26. Nxc6+ bxc6 27. N@a6+ Ka8 28. Nxc7+ 
Kb7 29. B@a6+ Kxc7 30. Q@b7# 
{Blackcomb checkmated} 1-0

[Event "fics rated crazyhouse match"]
[Site "fics, Oklahoma City, OK USA"]
[Date "2000.02.13"]
[White "Ebenfelt"]
[WhiteElo "2243"]
[Black "XXNoWay"]
[BlackElo "2316"]
[TimeControl "60+0"]
[Result "0-1"]

1. e4 e5 2. d4 exd4 3. Bc4 Nc6 4. Nf3 Be7 5. Bxf7+ Kxf7 6. P@d5 
B@a5+ 7. Bd2 Bxd2+ 8. Qxd2 B@h6 9. B@f4 P@e3 10. fxe3 dxe3 11. Bxe3 Bxe3 
12. Qxe3 P@d4 13. Qf4+ B@f6 14. dxc6 dxc6 15. P@f5 Bg5 16. P@e6+ Kf8 17. Qe5 
Bgf6 18. Qg3 Bh4 19. Nxh4 Bxh4 20. O-O Bxg3 21. hxg3 N@g4 22. B@h4 Q@h2# 
{Ebenfelt checkmated} 0-1

[Event "fics rated crazyhouse match"]
[Site "fics, Oklahoma City, OK USA"]
[Date "2000.02.13"]
[White "XXNoWay"]
[WhiteElo "2322"]
[Black "Ebenfelt"]
[BlackElo "2237"]
[TimeControl "60+0"]
[Result "1-0"]

1. e4 e5 2. Bc4 Nc6 3. d3 Nf6 4. Bg5 Bc5 5. Nf3 O-O 6. O-O 
d6 7. h3 Be6 8. Bxe6 fxe6 9. B@c4 B@d7 10. Nc3 Qe8 11. Bxf6 Rxf6 
12. N@g4 Rf8 13. Na4 Qh5 14. Nxc5 dxc5 15. B@b3 B@f7 16. Nfh2 N@d4 17. c3 
Nxb3 18. axb3 a6 19. N@g3 Qg6 20. Nf3 B@h5 21. Nh4 Bxg4 22. Nxg6 Bxg6 
23. Qxg4 N@f6 24. Bxe6+ Bxe6 25. Qxe6+ B@f7 26. Qxc6 bxc6 27. N@e7+ Kh8 28. P@h6 
Rg8 29. hxg7+ Rxg7 30. B@h6 P@h2+ 31. Kxh2 N@g4+ 32. hxg4 Nxg4+ 33. Kh3 Q@h2+ 
34. Kxg4 Bh5+ 35. Kf5 Bfg6+ 36. Kxe5 Qxg3+ 37. fxg3 P@d6+ 38. Kf4 Rf8+ 39. Ke3 
N@c2+ 40. Kd2 Rxf1 41. Bxg7+ Kxg7 42. Q@g8+ Kh6 43. P@g5+ Kxg5 44. Q@h4# 
{Ebenfelt forfeits on time} 1-0

[Event "fics rated crazyhouse match"]
[Site "fics, Oklahoma City, OK USA"]
[Date "2000.02.13"]
[White "Blackcomb"]
[WhiteElo "2045"]
[Black "LSS"]
[BlackElo "2567"]
[TimeControl "180+0"]
[Result "1-0"]

1. e4 e6 2. Nc3 d5 3. exd5 exd5 4. d4 Nf6 5. Nf3 Be7 6. Be2 
O-O 7. O-O Be6 8. Bg5 Nbd7 9. Ne5 h6 10. Nxd7 Nxd7 11. Bxe7 Qxe7 
12. N@h5 B@h8 13. B@e5 P@f6 14. Bxc7 Rac8 15. P@d6 Qe8 16. P@e7 Rxc7 17. exf8=Q+ 
Nxf8 18. dxc7 B@e7 19. R@b8 N@c8 20. Bg4 Qd7 21. Bxe6 Nxe6 22. Re1 Nxc7 
23. Rxe7 Qxe7 24. Rxc8+ R@e8 25. Rxe8+ Nxe8 26. Nxd5 Qe6 27. N@e7+ Qxe7 28. Nxe7+ 
Kf8 29. R@g8+ Kxe7 30. Rxe8+ Kd6 31. Q@c5+ Kd7 32. R@d8# 
{LSS checkmated} 1-0

[Event "fics rated crazyhouse match"]
[Site "fics, Oklahoma City, OK USA"]
[Date "2000.02.13"]
[White "Ebenfelt"]
[WhiteElo "2231"]
[Black "XXNoWay"]
[BlackElo "2328"]
[TimeControl "60+0"]
[Result "0-1"]

1. e4 e5 2. Bc4 d6 3. Qh5 Nh6 4. d4 Bg4 5. Bxf7+ Nxf7 6. Qxg4 
Be7 7. P@e6 B@g6 8. exf7+ Bxf7 9. B@e6 Bxe6 10. Qxe6 P@f7 11. Qg4 B@f6 
12. N@h5 exd4 13. Nxg7+ Bxg7 14. Qxg7 Bf6 15. Qxh8+ Bxh8 16. R@g8+ N@f8 17. P@g7 
Bxg7 18. Rxg7 d3 19. cxd3 P@c2 20. B@h5 Qf6 21. Rxf7 Qxf7 22. Bxf7+ Kxf7 
23. Q@f3+ R@f6 24. B@h5+ P@g6 25. P@f5 B@d1 26. B@e6+ Ke7 27. Qg3 Bxh5 28. Nc3 
B@b4 29. Bd2 Bxc3 30. Ne2 N@e5 31. Bxc3 Q@b1+ 32. Rxb1 cxb1=Q+ 33. Q@d1 R@f1+ 
34. Rxf1 Qxd1# 
{Ebenfelt forfeits on time} 0-1

[Event "fics rated crazyhouse match"]
[Site "fics, Oklahoma City, OK USA"]
[Date "2000.02.13"]
[White "LSS"]
[WhiteElo "2552"]
[Black "Blackcomb"]
[BlackElo "2060"]
[TimeControl "180+0"]
[Result "1-0"]

1. e4 e6 2. d4 Nc6 3. Nf3 Nf6 4. Bd3 d5 5. e5 Ne4 6. O-O 
Be7 7. Nbd2 Nxd2 8. Bxd2 N@e4 9. Re1 Nxd2 10. Qxd2 B@f5 11. N@h5 Rg8 
12. Bxf5 exf5 13. B@g5 B@g4 14. Nxg7+ Rxg7 15. P@f6 Bxf3 16. fxg7 N@g8 17. N@f6+ 
Bxf6 18. exf6+ N@e2+ 19. Rxe2+ Bxe2 20. Qxe2+ R@e4 21. R@f8+ Kd7 22. N@c5+ Kd6 
23. B@f4# 
{Blackcomb resigns} 1-0

[Event "fics rated crazyhouse match"]
[Site "fics, Oklahoma City, OK USA"]
[Date "2000.02.13"]
[White "XXNoWay"]
[WhiteElo "2334"]
[Black "Ebenfelt"]
[BlackElo "2225"]
[TimeControl "60+0"]
[Result "0-1"]

1. e4 e5 2. Nc3 Bc5 3. Bc4 Qh4 4. Qf3 Nf6 5. d3 Nc6 6. Nge2 
Nd4 7. Nxd4 Bxd4 8. N@f5 Bxf2+ 9. Kf1 Qg4 10. Qxf2 N@d4 11. B@f3 Nxf5 
12. Bxg4 Nxg4 13. Qxf5 N@e3+ 14. Bxe3 Nxe3+ 15. Ke2 Nxf5 16. Bxf7+ Kd8 17. exf5 
B@c5 18. P@e7+ Bxe7 19. Bc4 Rf8 20. N@f3 P@g4 21. Raf1 gxf3+ 22. gxf3 N@d4+ 
23. Kd2 P@b4 24. P@f7 bxc3+ 25. bxc3 Q@e2# 
{XXNoWay resigns} 0-1

[Event "fics rated crazyhouse match"]
[Site "fics, Oklahoma City, OK USA"]
[Date "2000.02.13"]
[White "Ebenfelt"]
[WhiteElo "2235"]
[Black "XXNoWay"]
[BlackElo "2324"]
[TimeControl "60+0"]
[Result "1-0"]

1. e4 e5 2. Bc4 d6 3. Qh5 Nh6 4. d4 Bg4 5. Bxf7+ Nxf7 6. Qxg4 
exd4 7. B@e6 Be7 8. Bxf7+ Kxf7 9. P@e6+ Kf8 10. N@f7 B@a5+ 11. Bd2 Bxd2+ 
12. Nxd2 Qe8 13. Nxh8 B@h5 14. Qg3 B@h4 15. Qf4+ P@f6 16. B@f7 Bxf7 17. exf7 
Qxf7 18. Nxf7 Bg5 19. Nxg5 B@h5 20. R@h8# 
{XXNoWay checkmated} 1-0

[Event "fics rated crazyhouse match"]
[Site "fics, Oklahoma City, OK USA"]
[Date "2000.02.13"]
[White "Blackcomb"]
[WhiteElo "2059"]
[Black "LSS"]
[BlackElo "2553"]
[TimeControl "180+0"]
[Result "1-0"]

1. e4 e6 2. Nc3 d5 3. exd5 exd5 4. d4 Bb4 5. Nf3 Qe7+ 6. Be2 
Bxc3+ 7. bxc3 N@e4 8. B@b4 P@d6 9. P@e5 Nc6 10. exd6 cxd6 11. P@e5 Nxb4 
12. exd6 Nxd6 13. cxb4 B@c3+ 14. Bd2 Bxa1 15. Qxa1 P@h3 16. P@e5 hxg2 17. Rg1 
Nc4 18. B@c5 P@b2 19. Qd1 P@d6 20. exd6 Nxd6 21. Bxd6 Qxd6 22. P@e5 Qd8 
23. N@d6+ Kf8 24. Rxg2 R@h1+ 25. N@g1 P@h3 26. Rxg7 Kxg7 27. P@h6+ Nxh6 28. Bxh6+ 
Kxh6 29. N@f5+ Bxf5 30. Nxf5+ Kg6 31. N3h4+ Kg5 32. B@h6# 
{LSS checkmated} 1-0

[Event "fics rated crazyhouse match"]
[Site "fics, Oklahoma City, OK USA"]
[Date "2000.02.13"]
[White "XXNoWay"]
[WhiteElo "2314"]
[Black "Ebenfelt"]
[BlackElo "2245"]
[TimeControl "60+0"]
[Result "1-0"]

1. e4 e5 2. Nc3 Bc5 3. Bc4 Nf6 4. Nf3 O-O 5. Nxe5 d6 6. Nxf7 
Bxf2+ 7. Kxf2 Ng4+ 8. Kf1 P@e6 9. Qxg4 Rxf7+ 10. P@f5 N@e5 11. Qg3 Nxc4 
12. N@h6+ Kf8 13. Nxf7 Kxf7 14. B@g6+ Kf8 15. Bxh7 B@f7 16. R@h8+ N@g8 17. Bxg8 
Bxg8 18. P@h7 B@f7 19. hxg8=Q+ Bxg8 20. P@h7 
{Ebenfelt resigns} 1-0

[Event "fics rated crazyhouse match"]
[Site "fics, Oklahoma City, OK USA"]
[Date "2000.02.13"]
[White "Ebenfelt"]
[WhiteElo "2239"]
[Black "XXNoWay"]
[BlackElo "2320"]
[TimeControl "60+0"]
[Result "1-0"]

1. e4 d6 2. Bc4 e6 3. d4 Nf6 4. Nc3 d5 5. exd5 exd5 6. Bb5+ 
c6 7. Qe2+ Be7 8. Bf4 P@d6 9. Bd3 O-O 10. P@h6 gxh6 11. Bxh6 P@g7 
12. Bxg7 Kxg7 13. P@h6+ Kg8 14. P@g5 B@h5 15. f3 Nfd7 16. g4 Bg6 17. h4 
Bxd3 18. cxd3 Nb6 19. B@e3 f6 20. Nh3 f5 21. gxf5 Bxf5 22. P@g4 Bg6 
23. h5 Bxd3 24. Qxd3 B@c4 25. Qd2 P@b4 26. g6 bxc3 27. gxh7+ Kxh7 28. B@g6+ 
Kg8 29. bxc3 Bf6 30. P@h7+ Kh8 31. P@g7+ Bxg7 32. hxg7+ Kxg7 33. B@h6+ Kf6 
34. Beg5+ Ke6 35. Qe3+ Kd7 36. Bxd8 N@c2+ 37. Kf2 
{XXNoWay forfeits on time} 1-0